 Dungeon Crawl Stone Soup version 0.28-a0-687-gb91baff9cc (webtiles) character file.

Game seed: 7812937785724863313

58 khargal the Sneak (level 3, -2/29 HPs)
             Began as a Demonspawn Delver on Oct 19, 2021.
             Slain by a gnoll (3 damage)
             ... on level 2 of the Dungeon.
             The game lasted 00:02:49 (1216 turns).

khargal the Sneak (Demonspawn Delver)               Turns: 1216, Time: 00:02:50

Health: -2/29      AC:  3    Str: 13    XL:     3   Next: 76%
Magic:  3/3        EV: 14    Int: 11    God:
Gold:   36         SH:  0    Dex: 14    Spells: 2/2 levels left

rFire   . . .      SeeInvis .   a - +0 falchion
rCold   . . .      Faith    .   (no shield)
rNeg    + . .      Spirit   .   b - +0 leather armour
rPois   .          Reflect  .   (no helmet)
rElec   .          Harm     .   (no cloak)
rCorr   .          Rampage  .   (no gloves)
Will    .....                   (no boots)
Stlth   +++.......              (no amulet)
HPRegen 0.09/turn               m - ring of positive energy
MPRegen 0.08/turn               (no ring)

@: no status effects
A: repulsion field 1, ignite blood 1
a: no special abilities


You were on level 2 of the Dungeon.
You visited 1 branch of the dungeon, and saw 4 of its levels.

You collected 36 gold pieces.

Inventory:

Hand Weapons
 a - a +0 falchion (weapon)
Missiles
 j - a throwing net (quivered)
Armour
 b - a +0 leather armour (worn)
 l - a +0 leather armour
Jewellery
 m - a ring of positive energy (left hand)
Wands
 g - a wand of digging (3)
Scrolls
 c - a scroll of fog
 d - a scroll of magic mapping
 e - a scroll of fear
 h - a scroll of identify {unknown}
 n - a scroll of enchant armour {unknown}
 p - a scroll of vulnerability {unknown}
Potions
 f - a potion of haste
 i - a potion of degeneration {unknown}
 k - a potion of attraction {unknown}
 o - a potion of curing {unknown}


   Skills:
 + Level 3.2 Fighting
 + Level 2.1 Long Blades
 + Level 0.8 Armour
 + Level 2.0 Dodging
 + Level 5.2 Stealth


You had 2 spell levels left.
You didn't know any spells.
Your spell library was empty.

Dungeon Overview and Level Annotations

Branches:
Dungeon (5/15)
 Temple: D:4-7

Altars:
Zin


Innate Abilities, Weirdness & Mutations

You are surrounded by a mild repulsion field. (EV +2)
Your demonic aura sometimes causes spilled blood to erupt in flames.


Message History

The gnoll hits you with a +0 spear.
You are too injured to fight recklessly!
You are too injured to fight recklessly!
You are too injured to fight recklessly!
You are too injured to fight recklessly!
You are too injured to fight recklessly!
You are too injured to fight recklessly!
You are too injured to fight recklessly!
You are too injured to fight recklessly!
You are too injured to fight recklessly!
You are too injured to fight recklessly!
You are too injured to fight recklessly!
You are too injured to fight recklessly!
You are too injured to fight recklessly!
You are too injured to fight recklessly!
You are too injured to fight recklessly!
You are too injured to fight recklessly!
You are too injured to fight recklessly!
You are too injured to fight recklessly!
You are too injured to fight recklessly!
You slash the gnoll!
The gnoll is heavily wounded.
The gnoll hits you from afar with a +0 spear.
* * * LOW HITPOINT WARNING * * *
The gnoll is engulfed in blazing flames.
You kill the gnoll!
The gnoll misses you. The gnoll barely misses you.
Things that are here:
a +0 spear; a gnoll corpse Your leather armour prevents you from hitting the gnoll.
The gnoll completely misses you.
You hit the gnoll.
The gnoll is heavily wounded.
The gnoll hits you with a +0 spear.
* * * LOW HITPOINT WARNING * * *
You closely miss the gnoll.
The gnoll is heavily wounded.
The gnoll hits you with a +0 spear.
You die...

###### ...... # ######
#.###### #.g@...#
######.# #.# #.# #.###
#### #...# ...#
#######.## ...#
#..).....#
...############.########


You could see a gnoll.

Vanquished Creatures
  2 gnolls (D:2)
  3 adders
  An orc (D:2)
  2 endoplasms (D:2)
  A hobgoblin (D:2)
  A ball python (D:2)
  2 bats (D:2)
  2 frilled lizards (D:2)
  A rat (D:2)
15 creatures vanquished.

Notes
Turn   | Place    | Note
-------+----------+-------------------------------------------
     0 | D:5      | khargal the Demonspawn Delver began the quest for the Orb.
     0 | D:5      | Reached XP level 1. HP: 18/18 MP: 1/1
     6 | D:5      | Noticed a two-headed ogre
    70 | D:4      | Gained mutation: You are surrounded by a mild repulsion
                  | field. (EV +2) [demonic ancestry]
    70 | D:4      | Reached XP level 2. HP: 16/24 MP: 2/2
    87 | D:4      | Noticed a wight
   178 | D:4      | Reached skill level 5 in Stealth
   385 | D:2      | Gained mutation: Your demonic aura sometimes causes spilled
                  | blood to erupt in flames. [demonic ancestry]
   385 | D:2      | Reached XP level 3. HP: 10/29 MP: 3/3
  1215 | D:2      | HP: 1/29 [gnoll (4)]
  1216 | D:2      | Slain by a gnoll

Illustrated notes

Levels and vault maps discovered:
D:2:      layout_basic
D:3:      layout_rooms, nicolae_qazlal_style_of_elements,
          basic_ecumenical_altar, st_stairs_12, kennysheep_orc_chapel
D:4:      layout_loops_ring, elyvilon_altar_4, minmay_temple_entry_antechambers,
          minmay_fractal_squares_diagonal_5, uniq_sigmund, uniq_robin
D:5:      minmay_spotlight, layout_cave_pods, lemuel_tele_altar,
          cheibrodos_ashenzari_chains,
          mainiacjoe_overflow_concentric_impassable, serial_park,
          serial_park_square2, serial_park_tiny_pond, serial_park_square3
          [serial_park_minivault_5x5_3], amcnicky_altar_lugonu_corruption

Skill      XL: |  1  2  3 |
---------------+----------+-----
Stealth        | 5 |  5.2
Dodging        | 2 |  2.0
Long Blades    | 2 |  2.1
Fighting       | |  3.2
Armour         | |  0.8

Action                   || total
-------------------------++-------
Melee: Falchion          ||    68
 Stab: Sleeping          ||     3
Armor: Leather armour    ||    15
Dodge: Dodged            ||    70

Table legend: (Time is in decaauts)
 A = Elapsed time spent in this place.
 B = Non-inter-level travel time spent in this place.
 C = Inter-level travel time spent in this place.
 D = Time resting spent in this place.
 E = Time spent auto-exploring this place.
 F = Levels seen in this place.
 G = Mean time per level.
                   A        B        C        D        E       F      G
               +--------+--------+--------+--------+--------+-----+--------+
         Total |   1228 |   1120 |    108 |    171 |    723 |   4 |  307.0 |
       Dungeon |   1228 |   1120 |    108 |    171 |    723 |   4 |  307.0 |
               +--------+--------+--------+--------+--------+-----+--------+

Top non-repeatable levels by time:
     D:2: 841 daAuts
     D:4: 304 daAuts
     D:5: 63 daAuts
     D:3: 20 daAuts
